 Dungeon Crawl Stone Soup version 0.31-a0-182-gc5ef74bbde (webtiles) character file.

Game seed: 10525769459753903131

364 senseless the Ducker (level 6, -1/48 HPs)
             Began as a Demonspawn Gladiator on June 20, 2023.
             Slain by a centaur (5 damage)
             ... on level 7 of the Dungeon on June 21, 2023.
             The game lasted 00:08:51 (2618 turns).

senseless the Ducker (Demonspawn Gladiator)         Turns: 2618, Time: 00:08:52

Health: -1/48      AC:  5    Str: 16    XL:     6   Next: 39%
Magic:  6/6        EV: 14    Int:  9    God:
Gold:   183        SH:  0    Dex: 21    Spells: 5/5 levels left

rFire   . . .        p - +8 trident of the Octopus King {venom, rElec rPois}
rCold   . . .        (no shield)
rNeg    . . .        b - +0 leather armour
rPois   +            c - +0 helmet
rElec   +            (no cloak)
rCorr   .            (no gloves)
SInv    .            n - +0 pair of boots
Will    .....        (no amulet)
Stlth   ++           h - +6 ring of dexterity
HPRegen 0.28/turn    (no ring)
MPRegen 0.10/turn

%: no passive effects
@: mighty, brilliant
A: foul stench 1, demonic touch 2
a: no special abilities


You were on level 7 of the Dungeon.
You visited 1 branch of the dungeon, and saw 5 of its levels.

You collected 246 gold pieces.
You spent 63 gold pieces at shops.

Inventory:

Hand Weapons
 a - a +0 war axe
 l - a +1 short sword of speed
 p - the +8 trident of the Octopus King (weapon) {venom, rElec rPois}
   (You found it on level 2 of the Dungeon)

   rElec:     It insulates you from electricity.
   rPois:     It protects you from poison.
Missiles
 d - 3 throwing nets (quivered)
 e - a javelin
Armour
 b - a +0 leather armour (worn)
 c - a +0 helmet (worn)
 n - a +0 pair of boots (worn)
Jewellery
 g - a ring of fire
 h - a +6 ring of dexterity (left hand)
Wands
 i - a wand of roots (7)
Scrolls
 j - a scroll of poison {unknown}
Potions
 f - a potion of curing
 k - a potion of magic
 o - 2 potions of might
 s - a potion of haste {unknown}


   Skills:
 + Level 4.2 Fighting
 - Level 3.2(3.7) Axes
 + Level 2.6(3.4) Polearms
 - Level 1.7 Throwing
 + Level 4.3 Dodging


You had 5 spell levels left.
You didn't know any spells.
Your spell library contained the following spells:

 Spells                   Type           Power      Damage    Failure   Level
 Summon Small Mammal      Summ           0%         N/A       45%         1
 Call Canine Familiar     Summ           0%         N/A       83%         3
 Summon Guardian Golem    Hex/Summ       0%         N/A       83%         3


Dungeon Overview and Level Annotations

Branches:
Dungeon (4/15)
 Temple: D:4-7

Altars:

Shops:
D:3 [


Innate Abilities, Weirdness & Mutations

You may rarely emit foul miasma when damaged in melee.
Your touch may inflict irresistible damage on your foes.


Message History

The centaur kicks you but does no damage.
You feel very mighty all of a sudden. The centaur misses you.
The centaur kicks you but does no damage.
You hear some strange, mumbled words.
Something tries to affect you, but you resist.
The kobold brigand barely misses you. The white imp hits you.
* * * LOW HITPOINT WARNING * * *
The white imp freezes you.
* * * LOW HITPOINT WARNING * * *
You barely miss something. The centaur hits you.
* * * LOW HITPOINT WARNING * * *
You emit a cloud of foul miasma!
The centaur closely misses you.
The hound stops to sniff the ground.
The centaur is engulfed in dark miasma.
The centaur is poisoned.
The centaur hits you but does no damage.
The centaur kicks you but does no damage.
Something barely misses you.
The white imp hits you but does no damage.
The kobold brigand hits you with a +0 dagger.
* * * LOW HITPOINT WARNING * * *
You feel better.
The centaur is engulfed in dark miasma.
The centaur looks even sicker.
The centaur hits you but does no damage.
The centaur misses you. Something hits you.
* * * LOW HITPOINT WARNING * * *
The white imp hits you.
* * * LOW HITPOINT WARNING * * *
The white imp freezes you.
* * * LOW HITPOINT WARNING * * *
The kobold brigand hits you but does no damage.
It was a potion of brilliance.
You feel clever all of a sudden.
The centaur is engulfed in dark miasma.
The centaur looks even sicker.
The centaur seems to slow down.
The centaur barely misses you. The centaur misses you.
The kobold brigand barely misses you. Something hits you but does no damage.
The centaur is engulfed in dark miasma.
The centaur looks as sick as possible!
The centaur seems to slow down.
The centaur hits you.
You die...

#########
......oc####
......h{@5.#
..##.#hK##.#
##o. .#
##K... .o..#
##..# ..#
..#


You could see a black bear, a kobold brigand (poisoned), a centaur (extremely
poisoned, slow), a hound, a white imp and 2 orcs.

Vanquished Creatures
  A bullfrog (D:7)
  2 orc priests (D:4)
  Jessica (D:2)
  Terence (D:2)
  2 orc wizards
  5 adders
  A white imp (D:7)
  A worm (D:3)
  A dart slug (D:3)
  3 orcs
  7 ball pythons
  5 endoplasms
  2 giant cockroaches (D:2)
  7 goblins
  6 hobgoblins
  11 jackals
  2 quokkas
  10 bats
  2 frilled lizards (D:2)
  7 kobolds
  2 rats
79 creatures vanquished.

Notes
Turn   | Place    | Note
-------+----------+-------------------------------------------
     0 | D:1      | senseless the Demonspawn Gladiator began the quest for the
                  | Orb.
     0 | D:1      | Reached XP level 1. HP: 16/16 MP: 1/1
   148 | D:1      | Gained mutation: Your touch may inflict minor irresistible
                  | damage on your foes. [demonic ancestry]
   148 | D:1      | Reached XP level 2. HP: 22/22 MP: 2/2
   998 | D:2      | Gained mutation: Your touch may inflict irresistible damage
                  | on your foes. [demonic ancestry]
   998 | D:2      | Reached XP level 3. HP: 21/28 MP: 3/3
  1099 | D:2      | Found the +8 trident of the Octopus King {venom, rElec
                  | rPois}
  1123 | D:2      | Noticed Jessica
  1126 | D:2      | Killed Jessica
  1127 | D:2      | Reached XP level 4. HP: 35/35 MP: 4/4
  1261 | D:2      | Reached skill level 1 in Polearms
  1574 | D:2      | Noticed Terence
  1578 | D:2      | Killed Terence
  1742 | D:3      | Gained mutation: You may rarely emit foul miasma when
                  | damaged in melee. [demonic ancestry]
  1742 | D:3      | Reached XP level 5. HP: 41/41 MP: 5/5
  1958 | D:3      | Found Qiot Marph's Armour Boutique.
  1958 | D:3      | Noticed an animated crystal plate armour
  1960 | D:3      | Noticed an animated pearl dragon scales
  2040 | D:3      | Bought a +0 pair of boots for 63 gold pieces
  2587 | D:4      | Reached XP level 6. HP: 48/48 MP: 6/6
  2599 | D:4      | You fall into a shaft and drop 3 floors!
  2616 | D:7      | HP: 1/48 [kobold brigand/+0 dagger (2)]
  2618 | D:7      | Slain by a centaur

Illustrated notes

Levels and vault maps discovered:
D:1:      dpeg_arrival_rhombus, layout_basic
D:2:      layout_basic, minmay_misc_feat_more_columns, grunt_ministairs_14,
          uniq_jessica, uniq_terence
D:3:      layout_loops_ring, serial_shops, nicolae_shop_mannequins,
          kennysheep_generic_room_15
D:4:      layout_basic, nicolae_gozag_seed_capital, serial_shops,
          nicolae_shop_pleasant_corner_grove, shop, chequers_garden
D:7:      layout_basic, gammafunk_temple_overflow_claw, hangedman_decor_points,
          minmay_ruined_shrine, uniq_maggie

Skill      XL: |  1  2  3  4  5 |
---------------+----------------+-----
Axes           | 3 |  3.2
Dodging        | 3 4 |  4.3
Fighting       | 3 4 |  4.2
Polearms       | 1 2 |  2.6
Throwing       | |  1.7

Action                     |  1- 3 |  4- 6 || total
---------------------------+-------+-------++-------
  Melee: War axe           |    72 |       ||    72
         Touch             |     6 |     8 ||    14
         Trident           |     1 |    99 ||   100
         Punch             |       |     2 ||     2
    Use: Scroll            |       |     9 ||     9
         Potion            |       |     4 ||     4
   Stab: Sleeping          |     1 |     2 ||     3
 Armour: Leather armour    |    27 |    26 ||    53
  Dodge: Dodged            |    78 |    64 ||   142

Table legend: (Time is in decaauts)
 A = Elapsed time spent in this place.
 B = Non-inter-level travel time spent in this place.
 C = Inter-level travel time spent in this place.
 D = Time resting spent in this place.
 E = Time spent auto-exploring this place.
 F = Levels seen in this place.
 G = Mean time per level.
                   A        B        C        D        E       F      G
               +--------+--------+--------+--------+--------+-----+--------+
         Total |   2657 |   2497 |    160 |    113 |   1913 |   5 |  531.4 |
       Dungeon |   2657 |   2497 |    160 |    113 |   1913 |   5 |  531.4 |
               +--------+--------+--------+--------+--------+-----+--------+

Top non-repeatable levels by time:
     D:1: 973 daAuts
     D:2: 797 daAuts
     D:3: 609 daAuts
     D:4: 257 daAuts
     D:7: 20 daAuts
